 Dungeon Crawl Stone Soup version 0.18-a0-952-g309898a (webtiles) character file.

35 Crabhammer the Conjurer (level 3, -1/25 HPs)
             Began as a Mummy Conjurer on Jan 2, 2016.
             Slain by an adder (5 damage)
             ... on level 2 of the Dungeon.
             The game lasted 00:08:35 (1860 turns).

Crabhammer the Conjurer (Mummy Conjurer)            Turns: 1860, Time: 00:08:35

Health: -1/25      AC:  3    Str: 11    XL:     3   Next: 16%
Magic:  1/6        EV: 12    Int: 15    God:
Gold:   99         SH:  0    Dex: 12    Spells: 2 memorised, 3 levels left

rFire  x . .     SeeInvis .     d - +0 dagger
rCold  + + .     Gourm    .     a - +0 robe
rNeg   + + +     Faith    .     (no shield)
rPois  ∞         Spirit   .     (no helmet)
rElec  .         Dismiss  .     g - +0 cloak
rCorr  .         Reflect  .     (no gloves)
SustAt .         Harm     .     (no boots)
MR     .....                    (no amulet)
Stlth  ++........               j - ring of protection from cold
                                m - ring of wizardry

@: very slightly contaminated, not resistant to hostile enchantments, unstealthy
A: no food or potions, fire vulnerability, cold resistance 1, negative energy
resistance 3, torment resistance, unbreathing
a: no special abilities


You were on level 2 of the Dungeon.
You were not hungry.

You visited 1 branch of the dungeon, and saw 2 of its levels.

You collected 99 gold pieces.

Inventory:

Hand Weapons
 d - a +0 dagger (weapon)
Armour
 a - a +0 robe (worn)
 f - a +0 helmet
 g - a +0 cloak (worn)
Jewellery
 c - an uncursed ring of flight
 j - a ring of protection from cold (right hand)
 m - a ring of wizardry (left hand)
Scrolls
 e - a scroll of identify
 h - a scroll of blinking {unknown}
 i - a scroll of magic mapping
 l - 2 scrolls of teleportation
Books
 b - a book of Conjurations

   Spells                             Type                      Level
   a - Magic Dart                     Conjuration                  1
   b - Searing Ray                    Conjuration                  2
   c - Dazzling Spray                 Conjuration/Hexes            3
   d - Fulminant Prism                Conjuration/Hexes            4
   e - Iskenderun's Mystic Blast      Conjuration                  4
   f - Iskenderun's Battlesphere      Conjuration/Charms           5


   Skills:
 + Level 0.4 Fighting
 + Level 1.7 Dodging
 + Level 1.6 Stealth
 + Level 2.3 Spellcasting
 + Level 3.8 Conjurations


You had 3 spell levels left.
You knew the following spells:

 Your Spells              Type           Power        Failure   Level  Hunger
a - Magic Dart            Conj           ##..         2%          1    N/A
b - Searing Ray           Conj           ##....       4%          2    N/A

Dungeon Overview and Level Annotations

Branches:
Dungeon (2/15)

Altars:
Nemelex Xobeh


Innate Abilities, Weirdness & Mutations

You do not eat or drink.
Your flesh is vulnerable to fire.
You are immune to poison.
Your flesh is cold resistant.
You are immune to negative energy.
You are immune to unholy pain and torment.
You can survive without breathing.


Message History

The adder bites you but does no damage. The adder bites you but does no damage.
The adder bites you.
* * * LOW HITPOINT WARNING * * *
Casting: Magic Dart
Confirm with . or Enter, or press ? or * to list all spells.
Aiming: Magic Dart
Press: ? - help, Shift-Dir - straight line, f/p - adder
Aim: an adder (almost dead)
You miscast Magic Dart.
You are very lightly contaminated with residual magic.
Nothing appears to happen.
The adder bites you but does no damage.
You closely miss the adder.
The adder is almost dead.
The adder bites you but does no damage. The adder barely misses you.
The adder bites you.
* * * LOW HITPOINT WARNING * * *
The adder bites you.
You die...

#........##..#.........##** *,*
#.............(.........# *,*
###.......!###............#****,,
#..........# #.............,,****
...........# #(............,,,**
###........# #.........<...,,,,**
#........# #.............,,,,,,
#.....>..# #.#S.=.....###,,,,,,
#........###.#@......## ***,,,,
#...######......###### **,,,
#..## #......# **,, #..# #......#
**, *,,* #......# *, *,,*
#......# *, **,** #......# *,
*,,* #......# *, **** #...._.# **


You could see an adder.

Vanquished Creatures
  A giant gecko (D:1)
  6 bats
  2 giant cockroaches
  5 hobgoblins (D:1)
  4 kobolds
  3 quokkas (D:2)
  A ball python (D:2)
  2 giant newts (D:1)
  3 goblins
  7 rats
34 creatures vanquished.

Notes
Turn   | Place    | Note
--------------------------------------------------------------
     0 | D:1      | Crabhammer the Mummy Conjurer began the quest for the Orb.
     0 | D:1      | Reached XP level 1. HP: 13/13 MP: 3/3
   438 | D:1      | Reached XP level 2. HP: 19/19 MP: 1/5
   871 | D:1      | Learned a level 2 spell: Searing Ray
  1563 | D:1      | Reached XP level 3. HP: 15/25 MP: 3/6
  1822 | D:2      | Found a sparkling altar of Nemelex Xobeh.
  1860 | D:2      | Slain by an adder

Vault maps used:
D:1:      ncdulo_halloftheorcs, grunt_decor_clamped, minmay_close_crescents
D:2:      nicolae_overflow_hidden_temple, nemelex_deck, first_bread

Action                   || total
-------------------------++-------
Melee: Unarmed           ||     1
       Dagger            ||    20
 Cast: Magic Dart        ||    85
 Abil: Evoke Flight      ||     1
  Use: Scroll            ||     5
 Stab: Sleeping          ||     2
